 Dungeon Crawl Stone Soup version 0.29-a0-323-g050149af67 (webtiles) character file.

Game seed: 1077996876769268641

7728 freelancePsychic the Fighter (level 11, -6/99 HPs)
             Began as a Pale Draconian Wanderer on Apr 10, 2022.
             Was a Priest of Cheibriados.
             Hit by a silver javelin thrown by a minotaur (29 damage)
             ... in a Gauntlet.
             The game lasted 00:21:49 (11348 turns).

freelancePsychic the Fighter (DrWn)                Turns: 11348, Time: 00:21:50

Health: -6/99      AC: 10    Str: 26    XL:     11   Next: 0%
Magic:  23/23      EV: 31    Int: 26    God:    Cheibriados [***...]
Gold:   793        SH:  0    Dex: 23    Spells: 20/26 levels left

rFire   . . .      SeeInvis .   F - staff of conjuration
rCold   . . .      Faith    .   (no shield)
rNeg    . . .      Spirit   .   (body armour unavailable)
rPois   .          Reflect  .   (helmet restricted)
rElec   .          Harm     .   (no cloak)
rCorr   .          Rampage  .   V - +1 pair of gloves "Heck" {Str+2 Int+4 Dex+3}
Will    .....      NoTele   +   h - +0 pair of boots
Stlth   ++........              q - amulet of the acrobat
HPRegen 0.26/turn               T - ring of flight
MPRegen 0.18/turn               (no ring)

@: acrobatic, flying, very slow
A: breathe steam, AC +7, unfitting armour, cold-blooded, steam resistance
a: Breathe Steam, Renounce Religion, Bend Time, Temporal Distortion


You were in a Gauntlet.
You worshipped Cheibriados.
Cheibriados was most pleased with you.
You visited 2 branches of the dungeon, and saw 12 of its levels.
You also visited: Gauntlet.

You collected 793 gold pieces.

Inventory:

Hand Weapons
 a - a +0 vorpal dagger
 e - a -3 whip of pain
Missiles
 b - 5 curare-tipped darts
 C - 17 poisoned darts
Armour
 c - a +1 pair of gloves
 h - a +0 pair of boots (worn)
 O - a +2 pair of boots
 P - a +0 tower shield
 V - the +1 pair of gloves "Heck" (worn) {Str+2 Int+4 Dex+3}
   (You found it in a Gauntlet)

   Str:       It affects your strength (+2).
   Int:       It affects your intelligence (+4).
   Dex:       It affects your dexterity (+3).
Magical Staves
 z - a staff of fire
 F - a staff of conjuration (weapon)
Jewellery
 i - the ring of Moodiness {rElec rF- Will++ Str+6 Dex+2}
   (You found it in a Gauntlet)

   [ring of strength]

   Str:       It affects your strength (+6).
   Dex:       It affects your dexterity (+2).
   rF:        It makes you vulnerable to fire.
   rElec:     It insulates you from electricity.
   Will:      It greatly increases your willpower.
 q - an amulet of the acrobat (around neck)
 y - an amulet of magic regeneration
 I - an amulet of regeneration
 T - a ring of flight (left hand)
Wands
 d - a wand of paralysis (4)
 t - a wand of charming (4)
 S - a wand of flame (19)
Scrolls
 g - 3 scrolls of fog
 j - a scroll of silence
 k - a scroll of amnesia
 l - 2 scrolls of teleportation {@r4}
 o - 2 scrolls of fear
 p - 2 scrolls of magic mapping
 v - 3 scrolls of immolation
 x - 3 scrolls of noise
 E - 3 scrolls of blinking
 G - 2 scrolls of torment
 K - a scroll of vulnerability
 M - a scroll of brand weapon
 N - 2 scrolls of enchant weapon
 Q - 2 scrolls of enchant armour
 R - 3 scrolls of summoning
Potions
 f - 2 potions of attraction {unknown}
 m - a potion of invisibility {unknown}
 n - 5 potions of curing {unknown}
 r - 3 potions of mutation {unknown}
 s - 5 potions of flight {unknown}
 u - 2 potions of magic {unknown}
 w - a potion of ambrosia {unknown}
 A - a potion of haste {unknown}
 B - 4 potions of heal wounds {unknown}
 D - 2 potions of lignification {unknown}
 H - 3 potions of degeneration {unknown}
 J - a potion of brilliance {unknown}
 L - a potion of berserk rage {unknown}
 U - 2 potions of might


   Skills:
 + Level 9.9 Fighting
 - Level 3.6 Throwing
 + Level 5.6 Dodging
 - Level 1.7 Stealth
 + Level 8.4 Spellcasting
 - Level 4.6 Conjurations
 - Level 8.0 Poison Magic
 - Level 1.1 Evocations


You had 20 spell levels left.
You knew the following spells:

 Your Spells              Type           Power      Damage    Failure   Level
b - Searing Ray           Conj           100%       2d8       1%          2
d - Olgreb's Toxic Radia  Pois           52%        N/A       1%          4

Your spell library contained the following spells:

 Spells                   Type           Power      Damage    Failure   Level
 Sting                    Tmut/Pois      100%       1d8       1%          1
 Poisonous Vapours        Pois/Air       62%        N/A       1%          2
 Static Discharge         Conj/Air       34%        N/A       3%          2
 Summon Ice Beast         Ice/Summ       10%        N/A       47%         4
 Dispersal                Tloc           5%         N/A       100%        6
 Haunt                    Necr/Summ      5%         N/A       100%        7
 Disjunction              Tloc           5%         N/A       100%        8
 Dragon's Call            Summ           5%         N/A       100%        9


Dungeon Overview and Level Annotations

Branches:
Dungeon (11/15)            Temple (1/1) D:6            Lair (0/6) D:8
    Orc (0/2) D:10        Gauntlet (1/1)

Altars:
Ashenzari
Cheibriados
Dithmenos
Elyvilon
Fedhas
Gozag
Hepliaklqana
Kikubaaqudgha
Makhleb
Nemelex Xobeh
Okawaru
Qazlal
Ru
Sif Muna
Trog
Uskayaw
Vehumet
Wu Jian
Xom
Yredelemnul
Zin
The Shining One

Annotations:
D:4 Duvessa
D:5 exclusion: shadow
D:10 1 runed translucent door, Laraso's ghost, journeyman PaBe Gauntlet 6 transporters, exclusion: orange crystal statue


Innate Abilities, Weirdness & Mutations

You can breathe blasts of scalding, opaque steam.
Your pale cyan-grey scales are hard. (AC +7)
You cannot fit into any form of body armour.
You are cold-blooded and may be slowed by cold attacks.
You are immune to the effects of steam.


Message History

The green death gestures at you. The blast of poison engulfs you.
You are poisoned.
You resist.
The searing ray hits the green death.
You kill the green death!
Cheibriados appreciates the change of pace.
You feel sick.
You have reached level 11!
You feel sick.
You feel sick.
You feel sick.
You feel sick.
You feel sick.
You feel sick.
You feel sick.
You feel sick.
You are no longer poisoned.
You start to feel less resistant.
Your resistance to elements expires.
i - the ring of Moodiness {rElec rF- Will++ Str+6 Dex+2}
R - 3 scrolls of summoning (gained 1)
There is a transporter here.
You see here a +1 scale mail of poison resistance.
There is a transporter here.
You enter the transporter and appear at another place.
Okay, then.
Found a chain mail.
Found a gate leading back out of this place.
A minotaur comes into view.
It is wielding the +9 halberd of Summertime {flame, rElec rPois Dex-5} and quivering silver javelins.
The minotaur bellows!
The minotaur hits you with the +9 halberd of Summertime {flame, rElec rPois Dex-5}!!
The minotaur burns you. The minotaur misses you.
The minotaur hits you from afar with the +9 halberd of Summertime {flame, rElec rPois Dex-5}!!!
* * * LOW HITPOINT WARNING * * *
The minotaur burns you.
* * * LOW HITPOINT WARNING * * *
The minotaur throws a silver javelin.
The silver javelin pierces through you!!
You die...

#≈8≈#..#.#
##########...#..#.#
####........#.8.#..##.
#....######.#...#..###
#.#### #.#.8.#..#©#
#.#.. #.#...#..##8
#.#.##### #.#...#..###
#.#H#⌠.⌠###.#.©.#§....
#.#..@∩.#.#.....#∩....
#.#.#⌠.⌠#.###.©.#≈....
#.#.#####...#...#..###
#.#....##.#.#...#..#..
#.####....#.#.8.#..#..
#....######.#...#..#.#
####........#.8.#..#.#
##########...#..#§.
#≈8≈#..#.#


You could see a minotaur.

Vanquished Creatures
  A green death (Gauntlet)
  A sixfirhy (Gauntlet)
  Maggie (D:10)
  A queen bee (Gauntlet)
  2 hornets (D:8)
  2 shadows
  2 wyverns
  4 yaks (D:10)
  3 steam dragons
  2 water moccasins (D:8)
  2 ice beasts
  2 black bears (D:5)
  4 orc warriors
  2 sky beasts
  3 centaurs
  2 phantoms (D:5)
  2 kobold brigands
  A gnoll sergeant (D:9)
  4 scorpions
  5 bullfrogs
  A necrophage (D:7)
  12 wights
  7 killer bees
  A howler monkey (D:10)
  4 orc priests
  A gnoll shaman (D:8)
  4 hounds
  3 jellies (D:5)
  Ijyb (D:4)
  2 iguanas
  4 orc wizards
  11 gnolls
  5 adders
  3 ufetubi
  A worm (D:2)
  27 orcs
  3 ball pythons
  6 bats
  6 endoplasms
  4 giant cockroaches
  10 goblins
  9 hobgoblins
  A jackal (D:2)
  18 kobolds
  3 quokkas
  4 frilled lizards
  9 rats
206 creatures vanquished.

Notes
Turn   | Place    | Note
-------+----------+-------------------------------------------
     0 | D:1      | freelancePsychic the Draconian Wanderer began the quest for
                  | the Orb.
     0 | D:1      | freelancePsychic set off with the following items: a +0
                  | vorpal dagger, 4 curare-tipped darts, a +0 pair of gloves,
                  | a potion of might; and the following spells available to
                  | memorise: Searing Ray, Static Discharge
     0 | D:1      | Reached XP level 1. HP: 14/14 MP: 2/2
   106 | D:1      | Reached XP level 2. HP: 18/22 MP: 3/3
   160 | D:1      | Learned a level 2 spell: Searing Ray
   185 | D:1      | Found a faded altar of an unknown god.
   300 | D:1      | Reached skill level 1 in Fighting
   573 | D:1      | Reached XP level 3. HP: 28/28 MP: 5/5
  1427 | D:2      | Found a blossoming altar of Fedhas.
  2200 | D:3      | Reached XP level 4. HP: 29/36 MP: 1/7
  2201 | D:3      | Reached skill level 2 in Fighting
  2963 | D:4      | Noticed a scorpion
  2969 | D:4      | Killed a scorpion
  2970 | D:4      | Reached XP level 5. HP: 42/42 MP: 4/8
  3007 | D:4      | Noticed Ijyb
  3021 | D:4      | Killed Ijyb
  3237 | D:4      | Reached skill level 3 in Fighting
  3237 | D:4      | Reached XP level 6. HP: 51/51 MP: 6/10
  3355 | D:4      | Found a burning altar of Makhleb.
  3464 | D:4      | Noticed Duvessa
  3833 | D:5      | Entered Level 5 of the Dungeon
  3944 | D:5      | Reached skill level 1 in Poison Magic
  4266 | D:5      | Your scales start taking on a pale cyan-grey colour.
  4266 | D:5      | Reached XP level 7. HP: 58/58 MP: 7/12
  4266 | D:5      | Gained mutation: You are immune to the effects of steam.
                  | [Pale Draconian growth]
  4271 | D:5      | Learned a level 4 spell: Olgreb's Toxic Radiance
  4344 | D:5      | Reached skill level 4 in Fighting
  4628 | D:5      | Noticed a shadow
  5350 | D:6      | Reached XP level 8. HP: 67/67 MP: 6/14
  5352 | D:6      | Reached skill level 5 in Poison Magic
  5564 | D:6      | Reached skill level 5 in Fighting
  5853 | D:6      | Found a staircase to the Ecumenical Temple.
  5892 | Temple   | Entered the Ecumenical Temple
  6080 | Temple   | Became a worshipper of Cheibriados the Contemplative
  6946 | D:7      | Reached skill level 5 in Spellcasting
  7299 | D:8      | Noticed a hornet
  7304 | D:8      | Killed a hornet
  7304 | D:8      | Reached * piety under Cheibriados
  7305 | D:8      | Reached skill level 6 in Fighting
  7340 | D:8      | Reached XP level 9. HP: 47/75 MP: 2/17
  7798 | D:8      | Reached skill level 7 in Fighting
  7909 | D:8      | Reached skill level 1 in Dodging
  8099 | D:8      | Got the Guide on the Escort
  8227 | D:8      | Reached ** piety under Cheibriados
  8353 | D:8      | Found a staircase to the Lair.
  9016 | D:9      | Reached skill level 8 in Fighting
  9016 | D:9      | Reached XP level 10. HP: 82/88 MP: 15/20
  9358 | D:10     | Entered Level 10 of the Dungeon
  9634 | D:10     | Found a runed translucent door.
  9642 | D:10     | Noticed Maggie
  9653 | D:10     | Killed Maggie
  9705 | D:10     | Noticed Laraso's ghost (journeyman PaBe)
  9809 | D:10     | Reached *** piety under Cheibriados
 10013 | D:10     | Found a staircase to the Orcish Mines.
 10254 | D:10     | Reached skill level 9 in Fighting
 10693 | D:11     | Found a gate leading to a gauntlet.
 10698 | Gauntlet | Entered a Gauntlet
 10698 | Gauntlet | Found a transporter.
 10698 | Gauntlet | Found a transporter.
 10699 | Gauntlet | Found a transporter.
 10699 | Gauntlet | Found a transporter.
 10699 | Gauntlet | Noticed a sixfirhy
 10702 | Gauntlet | Found a transporter.
 10702 | Gauntlet | Found a transporter.
 10712 | Gauntlet | Found a transporter.
 10716 | Gauntlet | Found a transporter.
 10725 | Gauntlet | Noticed an orange crystal statue
 10726 | Gauntlet | Found a transporter.
 10726 | Gauntlet | Found a transporter.
 10731 | Gauntlet | Noticed a green death
 10757 | Gauntlet | Found a transporter.
 10759 | Gauntlet | Found a transporter.
 10920 | Gauntlet | Killed a sixfirhy
 10921 | Gauntlet | Reached skill level 5 in Dodging
 10978 | Gauntlet | Identified the +1 pair of gloves "Heck" {Str+2 Int+4 Dex+3}
 11166 | Gauntlet | Killed a green death
 11167 | Gauntlet | Reached XP level 11. HP: 77/99 MP: 10/23
 11288 | Gauntlet | Identified the ring of Moodiness {rElec rF- Will++ Str+6
                  | Dex+2}
 11346 | Gauntlet | Identified the +9 halberd of Summertime {flame, rElec rPois
                  | Dex-5}
 11346 | Gauntlet | Noticed a minotaur
 11348 | Gauntlet | Hit by a silver javelin thrown by a minotaur

Illustrated notes

Levels and vault maps discovered:
D:1:      wheals_arrival_linesprint, layout_loops_ring,
          ebering_ecumenical_altar_rust
D:2:      layout_basic, basic_altar, minmay_heptomino_d4
D:3:      layout_rooms, minmay_misc_feat_more_columns
D:4:      layout_basic, bloody_makhleb, uniq_duvessa, uniq_ijyb
D:5:      layout_loops_cross, minivault_1, hex_large
D:6:      layout_cave_pods, minmay_temple_entry_glass, minivault_23
D:7:      layout_basic, kennysheep_cross_bottleneck
D:8:      layout_rooms, lair_entry_dummy, hex_intersection
D:9:      layout_roguey
D:10:     layout_loops_ring, orc_0_dummy, ebering_ghost_reflecting_pool,
          grunt_ministairs_12, kennysheep_path_1, uniq_maggie
D:11:     layout_small_grid, gauntlet_entry_generic, enter_trove_2,
          serial_shops, nicolae_shop_bloodbath_and_beyond, uniq_psyche
Temple:   compressed_dpeg_triangle_lava_temple
Gauntlet: gammafunk_gauntlet_hard_choice [gammafunk_gauntlet_arena_teeth,
          nicolae_gauntlet_swirl, nicolae_gauntlet_arena_t_cross,
          gammafunk_gauntlet_arena_grid, gammafunk_gauntlet_arena_spirals,
          nicolae_gauntlet_arena_quarters, dreamdust_gauntlet_exit_labyrinth]

Skill      XL: |  1  2  3  4  5  6  7  8  9 10 |
---------------+-------------------------------+-----
Fighting       | 1 2 3 4 6 8 9 |  9.9
Conjurations   | 3 4 |  4.6
Spellcasting   | 2 3 4 5 6 8 |  8.4
Poison Magic   | 2 4 7 8 |  8.0
Dodging        | 3 5 |  5.6
Throwing       | |  3.6
Stealth        | |  1.7
Evocations     | |  1.1

Action                   |  1- 3 |  4- 6 |  7- 9 | 10-12 || total
-------------------------+-------+-------+-------+-------++-------
Melee: Dagger            |    88 |    88 |    18 |       ||   194
       Tailslap          |    10 |    11 |     2 |     2 ||    25
       Punch             |     2 |     3 |       |       ||     5
       Staff             |       |       |     6 |     9 ||    15
Throw: Dart              |       |     4 |       |       ||     4
 Cast: Searing Ray       |    12 |    22 |    62 |    32 ||   128
       Olgreb's Toxic Ra |       |       |     2 |     4 ||     6
 Abil: Breathe Steam     |       |       |    36 |    16 ||    52
  Use: Scroll            |     3 |     2 |    10 |     2 ||    17
       Potion            |       |     1 |     2 |     1 ||     4
 Stab: Sleeping          |    10 |       |       |       ||    10
Armor: Skin              |    30 |    53 |    30 |    13 ||   126
Dodge: Dodged            |    52 |    75 |   118 |    78 ||   323

Table legend: (Time is in decaauts)
 A = Elapsed time spent in this place.
 B = Non-inter-level travel time spent in this place.
 C = Inter-level travel time spent in this place.
 D = Time resting spent in this place.
 E = Time spent auto-exploring this place.
 F = Levels seen in this place.
 G = Mean time per level.
                   A        B        C        D        E       F      G
               +--------+--------+--------+--------+--------+-----+--------+
         Total |  12535 |  12211 |    324 |    156 |  10041 |  13 |  964.2 |
       Dungeon |  11479 |  11173 |    306 |    156 |   9366 |  11 | 1043.5 |
        Temple |    207 |    189 |     18 |      0 |    104 |   1 |  207.0 |
      Gauntlet |    848 |    848 |      0 |      0 |    570 |   1 |  848.0 |
               +--------+--------+--------+--------+--------+-----+--------+

Top non-repeatable levels by time:
    D:10: 1651 daAuts
     D:7: 1290 daAuts
     D:9: 1231 daAuts
     D:8: 1209 daAuts
     D:5: 1196 daAuts
     D:2: 1191 daAuts
     D:6: 1050 daAuts
     D:4: 981 daAuts
     D:1: 941 daAuts
Gauntlet: 848 daAuts
     D:3: 717 daAuts
  Temple: 207 daAuts
    D:11: 17 daAuts
